AoeStats
← SPPG_Aruba

Lombardia

510056611Analyzed
4v4 RM · 3d ago on Sep 29, 2026· 53m 26s· 8 players
Game mode
Random Map
Map size
Large (8 player)
Population
200
Speed
Normal
Resources
Standard
Victory
Conquest
Starting age
Dark Age
Ending age
Imperial Age
RankedLock teamsTeams togetherTeam positionsShared explorationLock speedFull tech treeHidden civsTurbo modeCheats
Victory
Defeat
🇮🇩 Mongols · Indonesia
1416
+6
🇮🇩 Saxons · Indonesia
1302
+9
🇮🇩 Lithuanians · Indonesia
1196
+13
🇮🇩 Maya · Indonesia
873
+24
🇫🇷 Slavs · France
1161
-14
🇹🇼 Varangians · Taiwan
1139
-13
🇧🇪 Ethiopians · Belgium
1118
-13
🇨🇳 Danes · China
1108
-12
mydogqmi
5:17 Loom
12:13 Feudal Age
12:54 Double-Bit Axe
20:21 Castle Age
18:38 Horse Collar
19:32 Bloodlines
20:23 Forging
24:15 Husbandry
25:28 Heavy Plow
26:47 Scale Barding Armor
27:32 Wheelbarrow
29:23 Chain Barding Armor
30:41 Bow Saw
31:00 Hand Cart
30:31 Town Watch
32:47 Stone Mining
32:48 Gold Mining
37:30 Imperial Age
34:45 Vendel Legacy
36:58 Scale Mail Armor
37:36 Iron Casting
38:31 Guilds
37:46 Cavalier
38:59 Conscription
40:10 Blast Furnace
39:46 Plate Barding Armor
40:52 Two-Man Saw
43:35 Caravan
44:01 Light Cavalry
46:29 Stone Shaft Mining
49:37 Town Patrol
50:07 Hussar
我的哈哈哈
11:22 Feudal Age
15:13 Castle Age
13:26 Horse Collar
14:18 Double-Bit Axe
21:58 Heavy Plow
23:25 Bow Saw
25:24 Gold Mining
26:27 Wheelbarrow
26:03 Stone Mining
29:57 Imperial Age
27:47 Scale Mail Armor
29:03 Hand Cart
28:34 Town Watch
28:38 Loom
29:30 Chain Mail Armor
29:26 Forging
30:08 Stone Shaft Mining
30:09 Gold Shaft Mining
30:47 Siege Engineers
31:49 Chemistry
31:29 Plate Mail Armor
31:36 Town Patrol
31:05 Hamask
32:47 Iron Casting
33:12 Conscription
32:53 Elite Jomsviking
35:36 Ballistics
35:27 Masonry
37:13 Blast Furnace
36:04 Fletching
38:09 Squires
37:55 Arson
38:31 Heavy Scorpion
38:31 Onager
38:59 Elite Varangian Guard
39:25 Gambesons
40:45 Bodkin Arrow
41:25 Padded Archer Armor
41:26 Bracer
41:35 Bracer
43:14 Leather Archer Armor
49:22 Pikeman
50:39 Caravan
53:41 Murder Holes
L'arlecchino
7:49 Loom
10:29 Feudal Age
11:06 Double-Bit Axe
19:47 Castle Age
19:22 Horse Collar
19:49 Stone Mining
21:26 Bow Saw
29:28 Gold Mining
30:44 Wheelbarrow
30:19 Crossbowman
30:51 Fletching
31:03 Padded Archer Armor
32:00 Hand Cart
31:52 Bodkin Arrow
33:09 Thumb Ring
37:43 Imperial Age
36:29 Gold Shaft Mining
36:10 Leather Archer Armor
36:18 Ballistics
37:48 Arbalester
38:30 Bracer
39:00 Ring Archer Armor
48:57 Conscription
Danabro
6:59 Loom
9:27 Feudal Age
11:46 Double-Bit Axe
11:43 Horse Collar
20:07 Castle Age
19:02 Bloodlines
19:20 Scale Barding Armor
19:48 Forging
20:16 Light Cavalry
21:34 Bow Saw
21:30 Husbandry
23:01 Iron Casting
23:32 Chain Barding Armor
28:43 Wheelbarrow
29:11 Iron Casting
32:08 Hand Cart
35:08 Imperial Age
33:24 Heavy Plow
33:42 Detinets
33:45 Town Watch
34:16 Scale Mail Armor
34:53 Pikeman
35:34 Squires
35:50 Chain Mail Armor
36:44 Onager
37:04 Halberdier
39:59 Chemistry
40:02 Siege Onager
41:44 Siege Engineers
44:40 Plate Mail Armor
47:21 Blast Furnace
47:12 Conscription
47:06 Druzhina
46:30 Siege Onager
Adm_416
10:07 Feudal Age
10:43 Loom
11:55 Double-Bit Axe
14:56 Castle Age
13:26 Horse Collar
20:15 Wheelbarrow
27:36 Bow Saw
27:28 Heavy Plow
29:01 Fletching
29:11 Padded Archer Armor
29:17 Scale Barding Armor
33:36 Imperial Age
32:06 Bodkin Arrow
32:26 Leather Archer Armor
32:23 Forging
33:16 Ballistics
34:20 Husbandry
34:30 Bloodlines
34:48 Parthian Tactics
35:13 Conscription
36:30 Chemistry
35:40 Gold Mining
35:41 Stone Mining
36:36 Thumb Ring
36:36 Bracer
36:57 Chain Barding Armor
37:06 Elite Mangudai
37:12 Light Cavalry
39:42 Hand Cart
39:12 Town Watch
40:07 Iron Casting
40:16 Caravan
40:28 Murder Holes
40:44 Masonry
44:31 Siege Engineers
45:46 Blast Furnace
47:19 Stone Shaft Mining
48:47 Hoardings
49:18 Hussar
53:17 Drill
52:49 Capped Ram
GibranRakatiwing
0:37 Loom
11:25 Feudal Age
12:06 Double-Bit Axe
12:48 Gold Mining
14:10 Wheelbarrow
14:25 Stone Mining
14:57 Fletching
15:07 Horse Collar
20:39 Padded Archer Armor
27:00 Castle Age
29:15 Crossbowman
29:56 Bodkin Arrow
31:44 Ballistics
31:45 Leather Archer Armor
32:27 Thumb Ring
36:42 Imperial Age
35:37 Hand Cart
35:40 Heavy Plow
35:53 Bow Saw
36:43 Treadmill Crane
38:06 Arbalester
39:50 Chemistry
39:51 Bracer
40:35 Conscription
41:32 Ring Archer Armor
44:17 Two-Man Saw
48:07 Caravan
48:38 Coinage
48:19 Guilds
48:22 Hul'che Javelineers
47:46 Elite Skirmisher
50:18 Stone Shaft Mining
50:15 Crop Rotation
50:40 Banking
TempYuraa
8:47 Feudal Age
10:37 Loom
11:18 Double-Bit Axe
11:13 Horse Collar
15:59 Forging
21:54 Castle Age
20:43 Wheelbarrow
20:39 Scale Barding Armor
21:07 Bloodlines
21:33 Gold Mining
22:55 Bow Saw
22:46 Heavy Plow
24:18 Hand Cart
25:59 Iron Casting
29:30 Chain Barding Armor
29:17 Husbandry
35:00 Imperial Age
32:29 Fletching
33:50 Stone Mining
35:31 Bodkin Arrow
36:44 Cavalier
38:32 Plate Barding Armor
38:01 Bracer
38:10 Caravan
38:40 Coinage
39:32 Coinage
39:09 Paladin
40:20 Conscription
42:00 Two-Man Saw
42:36 Crop Rotation
42:43 Banking
43:23 Treadmill Crane
44:44 Chemistry
50:15 Ballistics
51:24 Padded Archer Armor
SPPG_Aruba
5:07 Loom
11:05 Feudal Age
15:15 Castle Age
13:37 Double-Bit Axe
14:40 Fletching
16:04 Bodkin Arrow
17:03 Gold Mining
21:38 Padded Archer Armor
25:41 Husbandry
27:25 Bloodlines
28:05 Wheelbarrow
30:27 Ballistics
35:15 Imperial Age
33:26 Thumb Ring
33:37 Leather Archer Armor
34:22 Horse Collar
34:54 Bow Saw
35:59 Bracer
35:25 Cranequins
38:46 Heavy Mounted Crossbowman
43:04 Ring Archer Armor
42:47 Caravan
45:21 Guilds
49:51 Chemistry
Connection lost

Rejoining the realm…

Still unreachable

The connection could not be restored.

Session expired

The server has moved on; the page needs a fresh start.